 Dungeon Crawl Stone Soup version 0.30.1-3-gfc49f6343a (webtiles) character file.

Game seed: 1339643351682523492

1150 Inchmeat the Fighter (level 8, -2/67 HPs)
             Began as a Djinni Fire Elementalist on July 25, 2023.
             Was an Initiate of Ashenzari.
             Slain by a wight
             ... wielding a +4 scimitar
              (13 damage)
             ... on level 7 of the Dungeon.
             The game lasted 00:17:06 (6412 turns).

Inchmeat the Fighter (Djinni Fire Elementalist)     Turns: 6412, Time: 00:17:07

Health: -2/67      AC:  2    Str:  7    XL:     8   Next: 65%
Gold:   378        EV: 12    Int: 18    God:    Ashenzari [......] SH:  0 Dex: 15

rFire   + + +        n - +5 spear of the Elysian Seer {flame, rF++ Will+, Melee, Fort} (curse)
rCold   x . .        (no shield)
rNeg    . . .        a - +0 robe
rPois   ∞            (no helmet)
rElec   .            (no cloak)
rCorr   .            (no gloves)
SInv    .            (boots unavailable)
Will    +....        (no amulet)
Stlth   +            (no ring)
HPRegen 0.31/turn    (no ring)
MPRegen 0.00/turn

%: infuse magic (-3 HP)
@: confused, ambrosia-drunk, flying
A: sickness immunity, fire resistance 2, cold vulnerability 1, float, innate
caster, HP casting, extra vitality 1
a: Renounce Religion, Curse Item, Shatter the Chains


You were on level 7 of the Dungeon.
You worshipped Ashenzari.
Ashenzari was noncommittal.
You visited 1 branch of the dungeon, and saw 7 of its levels.
You also visited: Sewer.

You collected 378 gold pieces.

Inventory:

Hand Weapons
 e - a +0 dagger
 n - the cursed +5 spear of the Elysian Seer (weapon) {flame, rF++ Will+, Melee, Fort}
   (You took it off a kobold on level 2 of the Dungeon)

   rF:        It greatly protects you from fire.
   Will:      It increases your willpower.
   It has a curse which improves the following skills: Melee Combat: Short
   Blades, Long Blades, Axes, Maces & Flails, Polearms, Staves and Unarmed
   Combat.
   Fortitude: Armour and Shields.
 w - a +3 rapier of speed
Missiles
 q - 5 curare-tipped darts
Armour
 a - a +0 robe (worn)
Magical Staves
 r - a staff of conjuration
Jewellery
 i - a +6 ring of strength
Wands
 F - a wand of charming (3)
Scrolls
 b - a scroll of poison
 c - a scroll of fear
 g - a scroll of identify
 k - 4 scrolls of teleportation
 o - a scroll of vulnerability {unknown}
 v - a scroll of enchant weapon {unknown}
 y - a scroll of blinking {unknown}
 C - a scroll of magic mapping {unknown}
 D - a scroll of fog {unknown}
Potions
 f - a potion of flight {unknown}
 h - 2 potions of brilliance
 j - 2 potions of attraction {unknown}
 l - 3 potions of curing {unknown}
 m - a potion of haste
 p - 2 potions of berserk rage {unknown}
 s - 2 potions of resistance {unknown}
 t - 2 potions of experience {unknown}
 u - 2 potions of might {unknown}
 x - 4 potions of cancellation {unknown}
 z - a potion of lignification {unknown}
 A - a potion of mutation {unknown}
 B - 2 potions of magic


   Skills:
 - Level 9.1 Fighting
 - Level 2.1 Dodging
 - Level 1.5 Stealth
 + Level 3.4 Spellcasting


You knew the following spells:

 Your Spells              Type           Power      Damage    Failure   Level
a - Foxfire               Conj/Fire      60%        2x1d7     3%          1
b - Scorch                Fire           30%        2d6       6%          2
c - Volatile Blastmotes   Fire/Tloc      30%        2d12      12%         3
d - Inner Flame           Hex/Fire       15%        N/A       12%         3
e - Flame Wave            Conj/Fire      15%        2d7       36%         4
f - Freeze                Ice            60%        1d7       3%          1
g - Ensorcelled Hibernat  Hex/Ice        30%        N/A       6%          2
h - Static Discharge      Conj/Air       30%        2-4/arc   6%          2
Your spell library was empty.

Dungeon Overview and Level Annotations

Branches:
Dungeon (7/15)             Temple (0/1) D:6           Sewer (visited)

Altars:
Ashenzari
Cheibriados


Innate Abilities, Weirdness & Mutations

You are immune to sickness and miasma.
You are immune to poison.
Your flesh is very heat resistant. (rF++)
You are vulnerable to cold. (rC-)
You float through the air rather than walking.
You learn spells naturally, not from books.
Your magical power is your life essence.
You have superior vitality. (+4 MHP)


Message History

The killer bee stings you but does no damage.
The killer bee stings you. The killer bee closely misses you.
You feel much better. The killer bee stings you. The killer bee stings you!
A wight comes into view. It is wielding a +4 scimitar.
The killer bee closely misses you. The killer bee stings you.
Casting: Scorch (safe; 6% risk of failure)
Confirm with . or Enter, or press ? or * to list all spells.
Flames lash the killer bee.
You kill the killer bee!
You hear an angry hiss.
The killer bee stings you.
An ice beast comes into view.
The killer bee misses you.
Casting: Scorch (safe; 6% risk of failure)
Confirm with . or Enter, or press ? or * to list all spells.
Flames lash the ice beast.
The ice beast melts!
The ice beast is lightly wounded.
The ice beast's fire resistance burns away.
The killer bee is no longer more vulnerable to fire.
The killer bee misses you. The killer bee stings you.
Casting: Scorch (safe; 6% risk of failure)
Confirm with . or Enter, or press ? or * to list all spells.
Flames lash the ice beast.
The ice beast melts!
The ice beast is heavily wounded.
* * * LOW HITPOINT WARNING * * *
The killer bee misses you. The ice beast hits you.
* * * LOW HITPOINT WARNING * * *
The ice beast freezes you!
You feel a terrible chill!
* * * LOW HITPOINT WARNING * * *
The killer bee stings you.
* * * LOW HITPOINT WARNING * * *
As you read the scroll of fear, it crumbles to dust.
You assume a fearsome visage.
The ice beast looks frightened!
The killer bee looks frightened!
The wight is unaffected.
You feel much better. The wight hits you with a +4 scimitar!
* * * LOW HITPOINT WARNING * * *
Your magical contamination has completely faded away.
You are confused.
You feel invigorated. The wight hits you with a +4 scimitar!
You die...

##### Y..
#.###.##
#[...@.#
#.###z.#
###..# #..<.#
#.......#
##.#.#...#
...........
###.#.#...###
#.# ##.##


You could see an ice beast (fleeing, combustible) and a wight.

Vanquished Creatures
  An ice beast (D:6)
  2 ogres (D:6)
  A phantom (D:5)
  2 scorpions (D:6)
  2 killer bees (D:7)
  8 hounds
  A jelly (D:6)
  2 iguanas
  A hell rat (Sewer)
  10 adders
  3 gnolls (D:3)
  2 river rats (Sewer)
  A white imp (D:3)
  2 ufetubi
  2 worms (D:3)
  2 dart slugs
  An orc (D:4)
  8 bats
  3 bat zombies (D:6)
  5 endoplasms
  2 giant cockroaches
  8 goblins
  12 hobgoblins
  15 jackals
  5 quokkas
  5 ball pythons
  A frilled lizard (D:1)
  9 kobolds
  12 rats
  A rat zombie (D:6)
129 creatures vanquished.

Vanquished Creatures (others)
  95 foxfires
95 creatures vanquished.

Grand Total: 224 creatures vanquished

Notes
Turn   | Place    | Note
-------+----------+-------------------------------------------
     0 | D:1      | Inchmeat the Djinni Fire Elementalist began the quest for
                  | the Orb.
     0 | D:1      | Inchmeat set off with the following spells memorised:
                  | Foxfire, Scorch, Volatile Blastmotes, Inner Flame, Flame
                  | Wave.
     0 | D:1      | Reached XP level 1. HP: 15/15 MP: 0/0
   305 | D:1      | Reached skill level 1 in Fighting
   317 | D:1      | Reached XP level 2. HP: 21/22 MP: 0/0
   919 | D:1      | Reached XP level 3. HP: 26/28 MP: 0/0
   919 | D:1      | Learned a level 1 spell: Freeze
   954 | D:1      | Reached skill level 2 in Fighting
  1227 | D:1      | Found a faded altar of an unknown god.
  1520 | D:2      | Reached XP level 4. HP: 23/34 MP: 0/0
  1844 | D:2      | Identified the +5 spear "Oguijaenn" {flame, rF++ Will+}
  1858 | D:2      | Reached skill level 3 in Fighting
  2437 | D:3      | Reached XP level 5. HP: 40/40 MP: 0/0
  2437 | D:3      | Learned a level 2 spell: Ensorcelled Hibernation
  2560 | D:3      | Found a snail-covered altar of Cheibriados.
  2576 | D:3      | Found a broken altar of Ashenzari.
  2579 | D:3      | Became a worshipper of Ashenzari the Shackled
  2647 | D:3      | Reached skill level 4 in Fighting
  2738 | D:3      | Found a glowing drain.
  2746 | Sewer    | Entered a sewer
  2938 | Sewer    | Reached XP level 6. HP: 26/48 MP: 0/0
  3204 | D:3      | Reached skill level 5 in Fighting
  4489 | D:5      | Entered Level 5 of the Dungeon
  4582 | D:5      | Reached skill level 6 in Fighting
  4612 | D:5      | Reached XP level 7. HP: 43/56 MP: 0/0
  4612 | D:5      | Learned a level 2 spell: Static Discharge
  4935 | D:5      | Reached skill level 7 in Fighting
  5238 | D:6      | Reached skill level 8 in Fighting
  5238 | D:6      | Reached XP level 8. HP: 18/65 MP: 0/0
  5692 | D:6      | Found a staircase to the Ecumenical Temple.
  5950 | D:6      | Reached skill level 9 in Fighting
  6409 | D:7      | HP: 3/67 [ice beast (15)]
  6409 | D:7      | HP: 1/67 [killer bee (2)]
  6412 | D:7      | Slain by a wight

Illustrated notes

Levels and vault maps discovered:
D:1:      psy_arrival_fountain, layout_basic, shapermc_ecumenical_altar_pompeii
D:2:      layout_basic
D:3:      layout_loops_ring, mainiacjoe_overflow_swirl, serial_glass,
          glass_columns_a, glass_columns_b, due_unseen_surprise,
          feat_on_display, minmay_strange_pillars, lightli_sewer_entry_pipes,
          kennysheep_potato
D:4:      layout_loops_ring
D:5:      layout_basic, serial_shops, shop_fountains, hangedman_decor_points,
          minmay_crystal_room, minmay_crystal_water, hangedman_glass_teeth
D:6:      layout_rooms, lemuel_zombie_altar_kikubaaqudgha,
          minmay_temple_entry_waves, nicolae_concentric_dashed_squares_wild
D:7:      minmay_the_grid_triangle_9x9_recursive_2
          [minmay_the_grid_triangle_9x9_prize_special,
          minmay_the_grid_triangle_9x9_negative_grid,
          minmay_the_grid_triangle_9x9_from_above,
          minmay_the_grid_triangle_9x9_corruption], layout_loops_corners,
          enter_bailey_3

Skill      XL: |  1  2  3  4  5  6  7  8 |
---------------+-------------------------+-----
Fighting       | 1 2 3 4 6 8 9 |  9.1
Spellcasting   | 3 |  3.4
Dodging        | |  2.1
Stealth        | |  1.5

Action                     |  1- 3 |  4- 6 |  7- 9 || total
---------------------------+-------+-------+-------++-------
  Melee: Spear             |       |   100 |    77 ||   177
         Punch             |       |       |     1 ||     1
   Cast: Foxfire           |    44 |     7 |     8 ||    59
         Scorch            |     7 |    33 |    13 ||    53
         Volatile Blastmot |       |     2 |     3 ||     5
         Inner Flame       |       |     1 |       ||     1
 Invoke: Curse Item        |       |     1 |       ||     1
    Use: Scroll            |     2 |     4 |     3 ||     9
         Potion            |       |     1 |     4 ||     5
   Stab: Sleeping          |       |     5 |     3 ||     8
 Armour: Robe              |     6 |    15 |    12 ||    33
  Dodge: Dodged            |    17 |    57 |    65 ||   139
